 Dungeon Crawl Stone Soup version 0.29-a0-643-ga013cefcf8 (webtiles) character file.

Game seed: 16701254514005423458

597 avis the Chiller (level 6, -1/51 HPs)
             Began as a Demigod Ice Elementalist on June 19, 2022.
             Succumbed to a hornet's poison
             ... on level 4 of the Dungeon.
             The game lasted 00:22:09 (4423 turns).

avis the Chiller (Demigod Ice Elementalist)         Turns: 4423, Time: 00:22:10

Health: -1/51      AC: 14    Str: 15    XL:     6   Next: 95%
Magic:  1/13       EV: 13    Int: 23    God:
Gold:   239        SH:  0    Dex: 28    Spells: 7/11 levels left

rFire   . . .      SeeInvis +   a - +5 rapier "Laohekk" {vamp, Int+6}
rCold   . . .      Faith    .   (no shield)
rNeg    . . .      Spirit   +   l - +0 robe
rPois   .          Reflect  .   F - +0 helmet
rElec   .          Harm     .   r - +2 cloak
rCorr   .          Rampage  .   g - +0 pair of gloves
Will    .....                   (no boots)
Stlth   +++.......              B - amulet "Fofud" {Spirit Dex+6}
HPRegen 0.17/turn               f - +6 ring of strength
MPRegen 0.13/turn               x - ring of see invisible

@: lethally poisoned (-1 -> -5), ice-armoured, slowed, very slow
A: high MP 1, forlorn, divine attributes
a: no special abilities


You were on level 4 of the Dungeon.
You visited 1 branch of the dungeon, and saw 4 of its levels.

You collected 239 gold pieces.

Inventory:

Hand Weapons
 a - the +5 rapier "Laohekk" (weapon) {vamp, Int+6}
   (You took it off a hobgoblin on level 2 of the Dungeon)

   It occasionally heals its wielder for a portion of the damage dealt when it
   wounds a living foe.
   Int:       It affects your intelligence (+6).
 b - a +0 hunting sling
 e - a +0 dagger
 n - a +0 long sword
 q - a +1 flail of venom
 u - a +2 dagger of speed
 y - a +0 falchion
 z - a +0 short sword of holy wrath
 E - a +1 vorpal trident
 J - a +0 long sword
 K - a +1 vampiric rapier
Missiles
 p - 11 poisoned darts
 A - 4 atropa-tipped darts
Armour
 g - a +0 pair of gloves (worn)
 l - a +0 robe (worn)
 r - a +2 cloak (worn)
 F - a +0 helmet (worn)
Magical Staves
 o - a staff of conjuration
Jewellery
 f - a +6 ring of strength (left hand)
 x - a ring of see invisible (right hand)
 B - the amulet "Fofud" (around neck) {Spirit Dex+6}
   (You found it on level 4 of the Dungeon)

   [amulet of guardian spirit]

   It causes incoming damage to be divided between your reserves of health and
   magic.
   Dex:       It affects your dexterity (+6).
Wands
 i - a wand of mindburst (5)
 D - a wand of flame (19)
Scrolls
 h - 2 scrolls of identify {unknown}
 j - 4 scrolls of teleportation {unknown}
 k - 2 scrolls of fog {unknown}
 v - a scroll of brand weapon {unknown}
 w - 2 scrolls of poison {unknown}
 G - a scroll of magic mapping {unknown}
 H - a scroll of vulnerability {unknown}
 L - a scroll of amnesia {unknown}
Potions
 c - a potion of degeneration {unknown}
 d - 2 potions of resistance {unknown}
 m - a potion of mutation {unknown}
 s - a potion of lignification {unknown}
 t - a potion of ambrosia {unknown}
 C - a potion of magic
 I - a potion of might {unknown}


   Skills:
 - Level 3.0 Fighting
 - Level 1.8(2.1) Short Blades
 - Level 1.4(2.0) Long Blades
 - Level 2.0 Dodging
 + Level 2.0 Stealth
 - Level 3.0 Spellcasting
 - Level 6.0 Ice Magic


You had 7 spell levels left.
You knew the following spells:

 Your Spells              Type           Power      Damage    Failure   Level
a - Freeze                Ice            100%       1d11      1%          1
o - Ozocubu's Armour      Ice            31%        N/A       3%          3

Your spell library contained the following spells:

 Spells                   Type           Power      Damage    Failure   Level
 Frozen Ramparts          Ice            62%        1d8       3%          3
 Sublimation of Blood     Necr           3%         N/A       17%         2
 Wereblood                Tmut           3%         N/A       17%         2
 Hailstorm                Conj/Ice       17%        3d6       32%         4
 Gell's Gravitas          Tloc           3%         N/A       34%         3
 Teleport Other           Tloc           3%         N/A       34%         3
 Dispersal                Tloc           1%         N/A       100%        6
 Malign Gateway           Summ/Tloc      1%         N/A       100%        7
 Summon Hydra             Summ           1%         N/A       100%        7
 Summon Horrible Things   Summ           1%         N/A       100%        8


Dungeon Overview and Level Annotations

Branches:
Dungeon (4/15)
 Temple: D:4-7

Annotations:
D:3 3 runed translucent doors, Heheheha's ghost, amateur MiBe; ThrustWizard's ghost, amateur OgWr; royokou's ghost, weakling DsNe
D:4 2 runed translucent doors


Innate Abilities, Weirdness & Mutations

You have an increased reservoir of magic. (+10% MP)
You shall have no god before yourself.
Your divine heritage dramatically boosts your attributes as you level up.


Message History

You see here a quokka corpse.
Things that are here:
a +0 flail; an orc corpse You see here a necrophage corpse.
You see here a jackal skeleton.
There is an open door here.
The hornet buzzes angrily.
The jelly quivers.
Could not explore, unopened runed door.
Search for what [Enter for "."]? .
As you open the large door, it creaks loudly!
The hornet attacks as you move away! The hornet closely misses you.
The hornet barely misses you.
Casting: Ozocubu's Armour (dangerous; 3% risk of failure)
Confirm with . or Enter, or press ? or * to list all spells.
A film of ice covers your body! The hornet stings you!
You are poisoned.
You feel yourself slow down.
You hit the hornet.
The hornet is lightly wounded.
You feel yourself speed up.
You feel very sick. The hornet stings you!
You feel yourself slow down. The hornet stings you!
You feel as though you will be slow longer.
The hornet stings you!
* * * LOW HITPOINT WARNING * * *
You suddenly lose the ability to move!
You feel sick. The hornet completely misses you.
You feel sick. The hornet stings you.
* * * LOW HITPOINT WARNING * * *
You feel as though you will be slow longer.
The jelly jiggles.
The hornet stings you!
* * * LOW HITPOINT WARNING * * *
You feel as though you will be slow longer.
You can move again.
Okay, then.
You miss the hornet.
The hornet is lightly wounded.
You die...

##### #...# #...#
###...#########
.............>#
#..######..#.##
#.##....##.#.##
#.#†####÷#.#..#####
..#.[.#.##....Jy@.##
..#)#.##.'.##'F##..#
..#†##.#####8..8##.##
..##.#..# #8.$F.8#..#
...###### #!....$#..#
...###### #[....$#..#
..##....# #8....8#..#
..#..#######8..8##..#
..#.##.#.))##++##...#


You could see a hornet, a bullfrog and a jelly.

Vanquished Creatures
  A yak (D:4)
  An orc warrior (D:4)
  A necrophage (D:4)
  An orc priest (D:3)
  3 hounds (D:4)
  An iguana (D:4)
  Robin (D:4)
  6 adders
  A worm (D:2)
  2 dart slugs
  5 orcs
  7 ball pythons
  7 endoplasms
  5 giant cockroaches
  17 goblins
  9 hobgoblins
  A jackal (D:4)
  14 kobolds
  2 quokkas (D:4)
  A frilled lizard (D:1)
  3 rats
89 creatures vanquished.

Notes
Turn   | Place    | Note
-------+----------+-------------------------------------------
     0 | D:1      | avis the Demigod Ice Elementalist began the quest for the
                  | Orb.
     0 | D:1      | Reached XP level 1. HP: 14/14 MP: 5/5
   299 | D:1      | Reached skill level 4 in Ice Magic
   424 | D:1      | Reached XP level 2. HP: 22/22 MP: 5/7
   507 | D:1      | Reached skill level 1 in Fighting
  1212 | D:2      | Reached XP level 3. HP: 27/28 MP: 5/8
  1256 | D:2      | Learned a level 3 spell: Ozocubu's Armour
  1785 | D:2      | Identified the +5 rapier "Laohekk" {vamp, Int+6}
  2421 | D:3      | Reached skill level 1 in Long Blades
  2421 | D:3      | Reached XP level 4. HP: 35/35 MP: 9/9
  2656 | D:3      | Found a runed translucent gate.
  2657 | D:3      | Found a runed translucent gate.
  2658 | D:3      | Found a runed translucent gate.
  2668 | D:3      | Noticed ThrustWizard's ghost (amateur OgWr)
  2668 | D:3      | Noticed Heheheha's ghost (amateur MiBe)
  2668 | D:3      | Noticed royokou's ghost (weakling DsNe)
  2688 | D:3      | Reached skill level 5 in Ice Magic
  3093 | D:4      | Reached XP level 5. HP: 26/41 MP: 10/10
  3420 | D:4      | Found a large runed translucent door.
  3420 | D:4      | Found a large runed translucent door.
  3421 | D:4      | Noticed a hornet
  3430 | D:4      | Found a large runed translucent door.
  3430 | D:4      | Found a large runed translucent door.
  3492 | D:4      | Noticed a yak
  3503 | D:4      | Killed a yak
  3504 | D:4      | Reached XP level 6. HP: 43/51 MP: 7/11
  3555 | D:4      | Identified the amulet "Fofud" {Spirit Dex+6}
  3626 | D:4      | Noticed Robin
  3635 | D:4      | Reached skill level 6 in Ice Magic
  3639 | D:4      | Killed Robin
  4228 | D:4      | Reached skill level 1 in Short Blades
  4420 | D:4      | Paralysed by a hornet for 3 turns
  4422 | D:4      | HP: 1/51 [hornet (6)]
  4423 | D:4      | Succumbed to a hornet's poison

Illustrated notes

Levels and vault maps discovered:
D:1:      eino_arrival_tree_alley, layout_basic,
          chequers_ecumenical_altar_island
D:2:      layout_loops_corners, basic_altar
D:3:      layout_basic, nicolae_uskayaw_suspiria, gammafunk_ghost_cemetery,
          hangedman_feature_mirror, small_statue_intersection,
          minmay_misc_feat_columns
D:4:      layout_basic, minmay_misc_feat_enclosed,
          minmay_hollow_rounded_squares, uniq_robin

Skill      XL: |  1  2  3  4  5  6 |
---------------+-------------------+-----
Ice Magic      | 4 5 6 |  6.0
Fighting       | 1 2 3 |  3.0
Spellcasting   | 2 3 |  3.0
Dodging        | 2 |  2.0
Stealth        | 2 |  2.0
Long Blades    | 1 |  1.4
Short Blades   | 1 |  1.8

Action                   |  1- 3 |  4- 6 || total
-------------------------+-------+-------++-------
Melee: Dagger            |    14 |       ||    14
       Rapier            |    29 |   117 ||   146
       Punch             |     1 |     1 ||     2
 Fire: Hunting sling     |       |    12 ||    12
 Cast: Freeze            |    39 |       ||    39
       Ozocubu's Armour  |     2 |     5 ||     7
 Stab: Sleeping          |     3 |     3 ||     6
       Distracted        |     1 |     1 ||     2
Armor: Robe              |    14 |    42 ||    56
Dodge: Dodged            |    21 |    61 ||    82

Table legend: (Time is in decaauts)
 A = Elapsed time spent in this place.
 B = Non-inter-level travel time spent in this place.
 C = Inter-level travel time spent in this place.
 D = Time resting spent in this place.
 E = Time spent auto-exploring this place.
 F = Levels seen in this place.
 G = Mean time per level.
                   A        B        C        D        E       F      G
               +--------+--------+--------+--------+--------+-----+--------+
         Total |   4451 |   4257 |    194 |   1094 |   2379 |   4 | 1112.8 |
       Dungeon |   4451 |   4257 |    194 |   1094 |   2379 |   4 | 1112.8 |
               +--------+--------+--------+--------+--------+-----+--------+

Top non-repeatable levels by time:
     D:4: 1378 daAuts
     D:2: 1316 daAuts
     D:1: 1079 daAuts
     D:3: 676 daAuts
